 Dungeon Crawl Stone Soup version 0.30-a0-845-g7c6808c8ce (console) character file.

Game seed: 322903026593780978

3395 petzl the Covert (level 10, 2/69 (70) HPs)
             Began as a Formicid Delver on Mar 3, 2023.
             Was a Follower of Vehumet.
             Quit the game on level 14 of the Dungeon.
             The game lasted 01:34:12 (14746 turns).

petzl the Covert (Formicid Delver)                 Turns: 14746, Time: 01:34:12

HP:   2/69 (70)     AC:  6    Str: 16    XL:     10   Next: 24%
MP:   21/21         EV: 16    Int: 15    God:    Vehumet [*.....]
Gold: 310           SH:  5    Dex: 15    Spells: 13/22 levels left

rFire   + . .      SeeInvis +    a - +4 longbow (heavy)
rCold   + . .      Faith    .    q - +0 buckler
rNeg    . . .      Spirit   .    r - +0 leather armour
rPois   .          Reflect  .    (helmet unavailable)
rElec   .          Rampage  .    (no cloak)
rCorr   .          Clarity  +    N - +2 pair of gloves
Will    +....                    (no boots)
Stlth   +++++                    E - amulet of magic regeneration
HPRegen 0.31/turn                D - ring of protection from cold
MPRegen 0.57/turn                s - +5 ring of evasion

@: studying Stealth, lightly drained
A: permanent stasis, dig shafts and tunnels, antennae 3, four strong arms,
clarity, fire resistance 1, high MP 1
a: Dig, Shaft Self, Renounce Religion


You were on level 14 of the Dungeon.
You worshipped Vehumet.
Vehumet was aware of your devotion.
You visited 3 branches of the dungeon, and saw 17 of its levels.

You collected 496 gold pieces.
You spent 186 gold pieces at shops.

Inventory:

Hand Weapons
 a - a +4 heavy longbow (weapon)
 b - a +0 rapier of protection
 c - a +3 scimitar of flaming
 I - a +2 falchion of holy wrath
 O - a +0 sling
 P - a +0 spear of flaming {!f =f}
Missiles
 g - 70 stones
 y - 6 atropa-tipped darts
 G - 5 poisoned darts
 M - 3 javelins
Armour
 q - a +0 buckler (worn)
 r - a +0 leather armour (worn)
 N - a +2 pair of gloves (worn)
Magical Staves
 w - a staff of poison
Jewellery
 l - a ring of positive energy
 s - a +5 ring of evasion (right hand)
 x - a ring of resist corrosion
 B - a ring of willpower
 D - a ring of protection from cold (left hand)
 E - an amulet of magic regeneration (around neck)
 J - a ring of protection from fire
 L - a +6 ring of dexterity
Wands
 f - a wand of digging (3)
 p - a wand of flame (12)
Scrolls
 d - 4 scrolls of fog
 i - 2 scrolls of vulnerability
 j - a scroll of poison
 t - 3 scrolls of amnesia
 u - a scroll of torment
 v - 2 scrolls of silence
 R - a scroll of identify
Potions
 e - a potion of might {unknown}
 h - a potion of magic {unknown}
 k - a potion of resistance {unknown}
 n - a potion of lignification {unknown}
 o - a potion of cancellation {unknown}
 z - 5 potions of curing
 A - a potion of berserk rage {unknown}
 C - a potion of ambrosia {unknown}
 F - a potion of mutation
 K - a potion of invisibility {unknown}
Miscellaneous
 m - a condenser vane (inert)


   Skills:
 - Level 3.2 Fighting
 - Level 2.0 Short Blades
 - Level 2.0 Maces & Flails
 - Level 4.0 Ranged Weapons
 - Level 1.7 Dodging
 + Level 11.4 Stealth
 - Level 4.0 Shields
 + Level 6.5 Spellcasting
 + Level 4.7 Conjurations
 + Level 4.8 Ice Magic
 + Level 2.4 Air Magic
 - Level 5.0 Poison Magic
 + Level 2.2 Evocations


You had 13 spell levels left.
You knew the following spells:

 Your Spells              Type           Power      Damage    Failure   Level
a - Magic Dart            Conj           76%        1d6       3%          1
l - Freezing Cloud        Conj/Ice/Air   8%         6-21      75%         5
A - Ozocubu's Armour      Ice            19%        N/A       9%          3

Your spell library contained the following spells:

 Spells                   Type           Power      Damage    Failure   Level
 Shock                    Conj/Air       60%        1d6       4%          1
 Searing Ray              Conj           38%        2d5       4%          2
 Ignite Poison            Fire/Tmut/Pois 9%         N/A       32%         3
 Kindle Blastsparks       Fire/Tloc/Air  14%        2d11      41%         3
 Portal Projectile        Hex/Tloc       8%         N/A       54%         3
 Tukima's Dance           Hex            4%         N/A       54%         3
 Fulminant Prism          Conj/Hex       6%         3d7       61%         4
 Blade Hands              Tmut           2%         N/A       99%         5
 Ozocubu's Refrigeration  Ice            9%         4d9       100%        7


Dungeon Overview and Level Annotations

Branches:
Dungeon (15/15)            Temple (1/1) D:4            Lair (1/5) D:8
    Orc (0/2) D:12         Depths (0/4) D:15
 Vaults: D:13-14

Altars:
Ashenzari
Cheibriados
Dithmenos
Elyvilon
Fedhas
Gozag
Hepliaklqana
Kikubaaqudgha
Makhleb
Nemelex Xobeh
Okawaru
Qazlal
Ru
Sif Muna
Trog
Uskayaw
Vehumet
Wu Jian
Xom
Yredelemnul
Zin
The Shining One

Shops:
D:5 !   D:8 (   D:12 *   D:13 (

Portals:
Trove: D:13 (give 6 scrolls of fear)

Annotations:
D:5 exclusions: door and downstairs
D:6 exclusion: 2 downstairs
D:7 Joseph
D:8 exclusions: 3 downstairs and 3 upstairs
D:9 exclusions: downstairs, orange demon and 1 more exclusion
D:10 exclusion: ice statue
D:11 exclusions: downstairs, troll and upstairs
D:13 exclusions: fire elemental, gargoyle, manticore, 2 sensed monsters (detected), tengu warrior, two-headed ogre and upstairs, Maurice
D:14 exclusions: 3 centaurs, 2 centaur warriors and sensed monster (detected), Agnes
D:15 exclusions: ogre, ogre mage, 7 sensed monsters (detected), 2 two-headed ogres, 3 upstairs and yaktaur


Innate Abilities, Weirdness & Mutations

You cannot be hasted, slowed, berserked, paralysed or teleported.
You can dig through walls and to a lower floor.
You have a pair of large antennae on your head. (SInv)
Your four strong arms can wield two-handed weapons with a shield.
You possess an exceptional clarity of mind.
Your flesh is heat resistant. (rF+)
You have an increased reservoir of magic. (+10% MP)


Message History

This staircase is marked as excluded!
This staircase leads to a travel-excluded area!
Enter next level anyway?
You climb upwards.
Level annotation: exclusions: 3 centaurs, 2 centaur warriors and sensed monster (detected), Agnes The centaur warrior unwields a +0 shortbow.
The centaur warrior hits you!
The centaur warrior kicks you but does no damage.
The tengu warrior shouts!
The centaur shouts!
There is a stone staircase leading down, spattered with blood here.
Okay, then.
Unknown command.
Unknown command.
Agnes shouts!
You hear a shout! x3
The centaur wields a +0 shortbow.
The centaur shoots an arrow.
The arrow closely misses you.
The centaur shouts!
You hear a shout! x3
You hear a roar!
The centaur warrior hits you! The centaur warrior kicks you.
The centaur warrior hits you. The centaur warrior misses you.
Okay, then.
Unknown command.
Unknown command.
The centaur warrior attacks as you move away!
The centaur warrior hits you. The centaur warrior kicks you.
Agnes hits you with a +5 lajatang of speed!!
* * * LOW HITPOINT WARNING * * *
Okay, then.
Okay, then.
Unknown command.
Unknown command.
Unknown command.
Okay, then.
You feel much better.
Agnes hits you with a +5 lajatang of speed!!
Ouch! That really hurt!
* * * LOW HITPOINT WARNING * * *
Agnes barely misses you. Agnes completely misses you.
Unknown command.
Are you sure you want to abandon this character and quit the game? (Confirm with "yes".)

***##*****## *,..,,,,,,.#
###########.###***##.##
..............#***#...###**
########.##.#..,,,......,,*
#.#*,#,,***#...#**,* **###
#.#*,#..####c..###.##*****
##...#*#.#*,#.<..@iQ#....D..,,,,*
<....##...#,#..####cc.#*,,,****,*
##...##.#.<.......c{.##{,,,,***,*
**.###.,........cc..#,,,,,,<**,*
*,....,..#.c.##.##..,,,,,,,,,,*
**,..$,.##....[c,#.#.,,,,,,*^,*
***,,#..,..,,....#,#.##.,,,,**,,*
,,,,,#.#,..,,..#.*,#.#*#.,,***,,*
,,,,,*,*,*,,,#.*,*,#$.,,*,** *,,*
,,,,,*,*,*,*,*,*,*,,,,,,,,* *,,*
****,*,*,*,*,*,*,*,,***,*** *,,*
***,,*,*,*,,,*,*,*,** *,* *,,*
##,,,*,*,,,,,,,*,*,* *,* *,**
..,,,*,,,,,,,,,,,*,* *,* **,*
#**..,,,,,***,,,,,,* *,* *,,*
#*#.##**,** ***,,*,****,* *,,*
##...#**,* *,,,,,,,,,*****,,****
#.....,{,* *,,******,,,,,,,,,,,,
.....#**** *,,,,,* *,***********


You could see Agnes, a tengu warrior, 2 centaur warriors and a centaur.

Vanquished Creatures
  An efreet (D:13)
  A hornet (D:9)
  2 shadows
  An acid dragon (D:11)
  2 orc warriors (D:9)
  2 black bears
  An ice beast (D:6)
  2 ogres
  A phantom (D:4)
  A kobold brigand (D:5)
  A gnoll sergeant (D:8)
  3 bullfrogs
  A wight (D:7)
  A scorpion (D:4)
  2 killer bees
  2 howler monkeys
  10 orc priests
  5 hounds
  4 iguanas
  9 orc wizards
  2 sleepcaps
  A mummy (D:5)
  12 gnolls
  7 adders
  A shadow imp (D:6)
  10 white imps
  4 ufetubi
  2 worms
  28 orcs
  4 endoplasms
  5 giant cockroaches
  8 hobgoblins
  3 jackals (D:3)
  7 quokkas
  3 training dummies (D:8)
  9 ball pythons
  8 bats
  2 frilled lizards (D:1)
  7 goblins
  13 kobolds
  2 kobold zombies (D:5)
  An orc zombie (D:5)
  7 rats
198 creatures vanquished.

Vanquished Creatures (others)
  A gnoll (D:8)
  An orc (D:9)
  4 fungi (D:8)
  6 plants (D:8)
  15 withered plants (D:15)
27 creatures vanquished.

Grand Total: 225 creatures vanquished

Notes
Turn   | Place    | Note
-------+----------+-------------------------------------------
     0 | D:5      | petzl the Formicid Delver began the quest for the Orb.
     0 | D:5      | Reached XP level 1. HP: 18/18 MP: 1/1
   109 | D:5      | Reached skill level 1 in Spellcasting
   200 | D:3      | Reached XP level 2. HP: 24/24 MP: 4/4
   406 | D:3      | Reached XP level 3. HP: 29/29 MP: 6/6
   786 | D:1      | Reached XP level 4. HP: 35/35 MP: 8/8
  1124 | D:2      | Found a faded altar of an unknown god.
  1237 | D:2      | Reached skill level 1 in Shields
  1261 | D:2      | Found an ornate altar of the Wu Jian Council.
  1595 | D:2      | Reached skill level 1 in Ranged Weapons
  2147 | D:3      | Reached XP level 5. HP: 29/41 MP: 10/10
  2366 | D:4      | Found a hide-covered altar of Uskayaw.
  2792 | D:4      | Reached XP level 6. HP: 47/47 MP: 11/11
  2818 | D:4      | Reached skill level 7 in Stealth
  3082 | D:4      | Learned a level 1 spell: Magic Dart
  3381 | D:4      | Reached skill level 1 in Poison Magic
  3426 | D:5      | Found a white marble altar of Elyvilon.
  3426 | D:5      | Found a glowing golden altar of the Shining One.
  3426 | D:5      | Found a glowing silver altar of Zin.
  3514 | D:5      | Reached XP level 7. HP: 47/52 MP: 13/13
  3556 | D:5      | Found Sicsy's Distillery.
  3721 | D:4      | Reached skill level 1 in Conjurations
  4224 | D:4      | Found a staircase to the Ecumenical Temple.
  4235 | Temple   | Entered the Ecumenical Temple
  4667 | D:4      | Learned a level 3 spell: Ozocubu's Armour
  5233 | D:5      | Reached skill level 8 in Stealth
  5531 | D:5      | Found a faded altar of an unknown god.
  5531 | D:5      | Found a faded altar of an unknown god.
  5559 | D:5      | Found a bloodstained altar of Trog.
  5570 | D:5      | Found a stormy altar of Qazlal.
  5572 | D:5      | Found an ancient bone altar of Kikubaaqudgha.
  5749 | D:5      | Reached XP level 8. HP: 34/52 MP: 14/14
  6641 | D:5      | Reached skill level 9 in Stealth
  6971 | D:7      | Reached skill level 5 in Spellcasting
  6971 | D:7      | Reached skill level 1 in Ice Magic
  7257 | D:6      | Found a shadowy altar of Dithmenos.
  7276 | D:6      | Reached skill level 1 in Short Blades
  7475 | D:6      | Reached XP level 9. HP: 64/64 MP: 16/16
  7652 | D:7      | Noticed a komodo dragon
  7683 | D:7      | Noticed a troll
  7811 | D:7      | Identified the ring "Hyq Acza" {rElec EV+5 Dex+3}
  7811 | D:7      | Noticed Joseph
  7832 | D:8      | Reached skill level 10 in Stealth
  8020 | D:8      | Found Viaf Ifi's Firing Range.
  8026 | D:8      | Bought a +0 longbow for 97 gold pieces
  8120 | D:8      | Reached skill level 5 in Poison Magic
  8161 | D:8      | Learned a level 5 spell: Freezing Cloud
  8276 | D:8      | Found a radiant altar of Vehumet.
  8285 | D:8      | Became a worshipper of Vehumet
  8670 | D:10     | Entered Level 10 of the Dungeon
  8683 | D:9      | Noticed an orange demon
  8791 | D:9      | Reached skill level 1 in Air Magic
  9007 | D:8      | You fall into a shaft and drop 3 floors!
  9360 | D:12     | Found a staircase to the Orcish Mines.
  9364 | D:12     | Noticed a troll
  9407 | D:10     | Noticed a two-headed ogre
  9822 | D:9      | You fall into a shaft and drop 1 floor!
  9872 | D:10     | Noticed an ice statue
 10042 | D:8      | Found a staircase to the Lair.
 10051 | Lair:1   | Entered Level 1 of the Lair of Beasts
 10052 | Lair:1   | Noticed a burning bush
 10061 | Lair:1   | Noticed a komodo dragon
 10188 | D:9      | Noticed a hornet
 10381 | D:8      | Reached skill level 11 in Stealth
 10519 | D:7      | Noticed a troll
 10552 | D:7      | You fall into a shaft and drop 3 floors!
 10820 | D:9      | Killed a hornet
 10820 | D:9      | Reached * piety under Vehumet
 10820 | D:9      | Offered knowledge of Shock by Vehumet.
 10821 | D:9      | Reached skill level 1 in Evocations
 10821 | D:9      | Reached XP level 10. HP: 35/70 MP: 19/19
 11022 | D:9      | You fall into a shaft and drop 2 floors!
 11260 | D:11     | Gained mutation: Your flesh is heat resistant. (rF+)
                  | [potion of mutation]
 11260 | D:11     | Gained mutation: You have an increased reservoir of magic.
                  | (+10% MP) [potion of mutation]
 11260 | D:11     | Gained mutation: You possess an exceptional clarity of
                  | mind. [potion of mutation]
 11341 | D:12     | Noticed a two-headed ogre
 11374 | D:12     | Found Yzabruibu's Assorted Antiques.
 11382 | D:12     | Bought a yellow potion for 20 gold pieces
 11382 | D:12     | Bought a potion of curing for 69 gold pieces
 11406 | D:12     | You fall into a shaft and drop 3 floors!
 11406 | D:15     | Entered Level 15 of the Dungeon
 11540 | D:14     | Noticed a centaur warrior
 11821 | D:15     | Noticed a yaktaur
 11922 | D:15     | Noticed a two-headed ogre
 11958 | D:14     | Noticed a centaur warrior
 12096 | D:13     | Found a portal to a secret trove of treasure.
 12120 | D:13     | Found Curimur's Weapon Boutique.
 12126 | D:13     | Noticed a manticore
 12148 | D:13     | Noticed a gargoyle
 12181 | D:13     | Noticed Maurice
 12182 | D:13     | Noticed a two-headed ogre
 12195 | D:13     | Noticed a tengu warrior
 12208 | D:13     | Noticed an efreet
 12211 | D:13     | Killed an efreet
 12272 | D:12     | Noticed a boulder beetle
 12310 | D:13     | Noticed a gargoyle
 12347 | D:13     | You fall into a shaft and drop 2 floors!
 12450 | D:14     | Noticed a centaur warrior
 12451 | D:14     | Noticed a centaur warrior
 12734 | D:14     | Noticed a centaur warrior
 12734 | D:14     | Noticed Agnes
 12775 | D:14     | Noticed a shining eye
 12775 | D:14     | a shining eye changed into a wolf spider
 12775 | D:14     | Noticed a wolf spider (shapeshifter)
 12780 | D:14     | You fall into a shaft and drop 1 floor!
 12911 | D:14     | Noticed an ogre mage
 12927 | D:14     | You fall into a shaft and drop 1 floor!
 13207 | D:15     | Noticed an ogre mage
 13207 | D:15     | Noticed a two-headed ogre
 13219 | D:15     | Noticed a skeletal warrior
 13248 | D:15     | Noticed a necromancer
 13302 | D:14     | a wolf spider changed into a satyr
 13302 | D:14     | Noticed a satyr (shapeshifter)
 13304 | D:14     | a satyr changed into a slime creature
 13305 | D:14     | You fall into a shaft and drop 1 floor!
 14741 | D:14     | Noticed a tengu warrior
 14745 | D:14     | HP: 2/69 [Agnes/+5 lajatang of speed (35)]
 14746 | D:14     | Quit the game

Illustrated notes

Levels and vault maps discovered:
D:1:      grunt_arrival_lava_bath, layout_rooms, minmay_hexomino_c4
D:2:      layout_basic, basic_altar, nicolae_ecumenical_snake_handling,
          nicolae_figureground_sparkle
D:3:      layout_basic
D:4:      layout_basic, nicolae_uskayaw_suspiria,
          minmay_temple_entry_glassed_door
D:5:      minmay_diamond_boxcup, layout_basic, dreamdust_divine_triumvirate,
          chequers_temple_overflow_minitemple, serial_shops, shop,
          portal_sewer_entry_d, minmay_mini_ossuary
D:6:      layout_gridville, nicolae_dithmenos_shadow_blocks
D:7:      minmay_the_grid_square_5x5_3x3
          [minmay_the_grid_square_5x5_two_walls_b,
          minmay_the_grid_square_5x5_slash,
          minmay_the_grid_square_5x5_eight_small,
          minmay_the_grid_square_5x5_intrusive_squares,
          minmay_the_grid_square_5x5_megaprize_crossed,
          minmay_the_grid_square_5x5_inner_z,
          minmay_the_grid_square_5x5_bracketed, minmay_the_grid_square_5x5_meh,
          minmay_the_grid_square_5x5_half_checkered], layout_rooms,
          minmay_manual_mandibuliform, uniq_joseph
D:8:      layout_loops_ring, fiery_altar_vehumet, dpeg_oklobed_lair,
          nicolae_shop_firing_range
D:9:      minmay_blocky_corners, layout_cave_pods, uniq_amaemon
D:10:     minmay_roctagon, layout_cave_pools, minivault_16, grunt_ministairs_6,
          uniq_maggie
D:11:     layout_cave_pools, abandoned_shop
D:12:     layout_gridville, orc_0_dummy, serial_shops, shop_statue,
          serial_glass, glass_columns_a, glass_columns_b, glass_columns_a,
          glass_columns_a, glass_columns_b, glass_columns_a,
          kennysheep_generic_room_3
D:13:     layout_long_grid, nicolae_trove_entry_crystal,
          portal_ice_cave_entry_imps, nicolae_stop_n_shop_2,
          hangedman_fish_farm, uniq_maurice, uniq_azrael
D:14:     layout_loops_ring, hangedman_vaults_entry_quadrant_bands,
          minmay_misc_feat_more_columns, uniq_agnes
D:15:     gammafunk_depths_entry_grave, layout_long_grid, nicolae_eternal_life,
          minmay_misc_feat_cross, minivault_20, drop_trap, minivault_5,
          nemelex_diamond_rough_becter, uniq_jorgrun
Temple:   oiseaux_autumnal_temple
Lair:1:   layout_gridlike, gammafunk_ghost_necromancy, evilmike_ambush
          [evilmike_ambush_outer_pillars, evilmike_ambush_inner_basic],
          lemuel_fruit_fields

Skill      XL: |  1  2  3  4  5  6  7  8  9 10 |
---------------+-------------------------------+-----
Spellcasting   | 1 2 3 4 5 6 |  6.5
Shields        | 1 2 3 4 |  4.0
Ranged Weapons | 1 2 3 4 |  4.0
Stealth        | 7 8 9 11 | 11.4
Poison Magic   | 1 2 4 5 |  5.0
Conjurations   | 2 3 4 |  4.7
Ice Magic      | 1 4 |  4.8
Short Blades   | 2 |  2.0
Air Magic      | 2 |  2.4
Evocations     | 1 2 |  2.2
Fighting       | |  3.2
Maces & Flails | |  2.0
Dodging        | |  1.7

Action                     |  1- 3 |  4- 6 |  7- 9 | 10-12 || total
---------------------------+-------+-------+-------+-------++-------
  Melee: Mace              |    10 |       |       |       ||    10
         Punch             |     1 |       |       |       ||     1
         Rapier            |    89 |   150 |   644 |    47 ||   930
         Staff             |       |     3 |       |       ||     3
         Scimitar          |       |       |       |    24 ||    24
   Fire: Sling             |     5 |   123 |    94 |       ||   222
         Longbow           |       |       |    82 |    10 ||    92
  Throw: Dart              |       |       |    11 |       ||    11
         Throwing net      |       |       |     2 |       ||     2
   Cast: Magic Dart        |       |     1 |       |       ||     1
         Ozocubu's Armour  |       |       |    24 |     6 ||    30
         Freezing Cloud    |       |       |       |     1 ||     1
Ability: Dig               |       |       |     7 |     3 ||    10
         Shaft Self        |       |       |     3 |     6 ||     9
  Evoke: Wand              |       |       |    30 |       ||    30
         Condenser vane    |       |       |     1 |       ||     1
    Use: Scroll            |       |     5 |    13 |     9 ||    27
         Potion            |       |     2 |     6 |     3 ||    11
   Stab: Sleeping          |     5 |       |     5 |       ||    10
         Paralysed         |       |       |     5 |       ||     5
 Armour: Leather armour    |    46 |    35 |   173 |    26 ||   280
  Dodge: Dodged            |    74 |   173 |   572 |    85 ||   904
  Block: Buckler           |     4 |    52 |   201 |    28 ||   285

Table legend: (Time is in decaauts)
 A = Elapsed time spent in this place.
 B = Non-inter-level travel time spent in this place.
 C = Inter-level travel time spent in this place.
 D = Time resting spent in this place.
 E = Time spent auto-exploring this place.
 F = Levels seen in this place.
 G = Mean time per level.
                   A        B        C        D        E       F      G
               +--------+--------+--------+--------+--------+-----+--------+
         Total |  15017 |  14402 |    615 |   4900 |   3870 |  17 |  883.4 |
       Dungeon |  14706 |  14126 |    580 |   4900 |   3620 |  15 |  980.4 |
        Temple |    296 |    262 |     34 |      0 |    249 |   1 |  296.0 |
          Lair |     14 |     14 |      0 |      0 |      0 |   1 |   14.0 |
               +--------+--------+--------+--------+--------+-----+--------+

Top non-repeatable levels by time:
    D:15: 2884 daAuts
     D:5: 2639 daAuts
     D:4: 1657 daAuts
     D:8: 1297 daAuts
     D:9: 1204 daAuts
     D:2: 1064 daAuts
     D:6: 796 daAuts
    D:11: 739 daAuts
     D:3: 703 daAuts
     D:1: 627 daAuts
  Temple: 296 daAuts
     D:7: 254 daAuts
    D:13: 252 daAuts
    D:10: 221 daAuts
    D:14: 199 daAuts
